 Dungeon Crawl Stone Soup version 0.31-a0-182-gc5ef74bbde (webtiles) character file.

Game seed: 637389098893302079

159 IdlyInterested the Trooper (level 5, -4/42 HPs)
             Began as a Demonspawn Fighter on June 20, 2023.
             Killed by divine providence
             ... invoked by an orc priest
              (12 damage)
             ... on level 3 of the Dungeon.
             The game lasted 00:11:26 (2806 turns).

IdlyInterested the Trooper (Demonspawn Fighter)     Turns: 2806, Time: 00:11:27

Health: -4/42      AC:  3    Str: 16    XL:     5   Next: 17%
Magic:  7/7        EV: 11    Int: 12    God:
Gold:   203        SH:  0    Dex: 12    Spells: 6/6 levels left

rFire   . . .        q - +2 dagger (venom)
rCold   . . .        (no shield)
rNeg    . . .        t - +0 leather armour
rPois   .            (no helmet)
rElec   .            (no cloak)
rCorr   +            (no gloves)
SInv    .            (no boots)
Will    .....        (no amulet)
Stlth   ++           s - ring of resist corrosion
HPRegen 0.27/turn    (no ring)
MPRegen 0.10/turn

%: no passive effects
@: no status effects
A: ignite blood 1, demonic magic 1, demonic touch 1
a: no special abilities


You were on level 3 of the Dungeon.
You visited 1 branch of the dungeon, and saw 3 of its levels.

You collected 203 gold pieces.

Inventory:

Hand Weapons
 a - a +0 trident
 m - a +0 dagger
 q - a +2 dagger of venom (weapon)
Missiles
 g - 18 stones (quivered)
 n - 9 boomerangs
Armour
 b - a +0 scale mail
 c - a +0 buckler
 j - a +0 chain mail
 o - a +0 ring mail
 t - a +0 leather armour (worn)
Magical Staves
 f - a staff of fire
 r - a staff of poison
Jewellery
 s - a ring of resist corrosion (left hand)
Scrolls
 h - a scroll of poison {unknown}
 k - 2 scrolls of teleportation
Potions
 d - 2 potions of might
 e - a potion of brilliance
 i - a potion of enlightenment
 u - a potion of resistance {unknown}


   Skills:
 - Level 4.0 Fighting
 + Level 1.2 Short Blades
 - Level 2.0 Polearms
 - Level 3.0 Armour
 - Level 1.0 Dodging
 * Level 2.2 Stealth
 - Level 2.6 Shields
 * Level 1.3 Spellcasting
 + Level 0.5 Evocations


You had 6 spell levels left.
You didn't know any spells.
Your spell library was empty.

Dungeon Overview and Level Annotations

Branches:
Dungeon (3/15)

Altars:
Ashenzari
Okawaru
Xom
Yredelemnul


Innate Abilities, Weirdness & Mutations

Your demonic aura sometimes causes spilled blood to erupt in flames.
Spells you cast may paralyse adjacent enemies.
Your touch may inflict minor irresistible damage on your foes.


Message History

The orc shouts! x2
An orc priest comes into view. It is wielding a +0 dagger.
An orc wizard and an orc priest come into view.
There is an open door here.
The orc wizard shouts!
The orc priest shouts!
The orc hits you with a +0 dagger.
You hit the orc priest.
The orc priest is poisoned.
The orc priest is moderately wounded.
The orc hits you with a +0 dagger. x2
The orc priest calls down the wrath of Beogh upon you.
Pain shoots through your body! The orc hits you with a +0 dagger.
The orc priest looks satisfied for a moment.
There is an open door here.
The orc priest casts a cantrip, but nothing happens.
You barely miss the orc. The orc completely misses you.
You hit the orc. Your punch misses the orc.
The orc is moderately wounded.
The orc completely misses you.
You hit the orc.
The orc is poisoned.
The orc is heavily wounded.
The orc barely misses you.
You hit the orc.
The orc looks even sicker.
Your touch misses the orc.
The orc is almost dead.
You kill the orc!
You closely miss the orc. The orc hits you but does no damage.
The orc priest looks satisfied for a moment.
The orc priest calls down the wrath of Beogh upon you.
Beogh smites you!
You barely miss the orc. The orc hits you but does no damage.
The orc priest invokes the aid of Beogh against you.
Beogh smites you!
* * * LOW HITPOINT WARNING * * *
You feel better. The orc hits you with a +0 dagger.
* * * LOW HITPOINT WARNING * * *
You closely miss the orc. The orc hits you with a +0 dagger.
* * * LOW HITPOINT WARNING * * *
The orc priest calls down the wrath of Beogh upon you.
Beogh smites you!
You die...

#§.#._#.####.# #######...##.#
#.#.##.#.##.######
.####....#.#.........###
.)......................
#####...#######.###†### #..
##.## #.# #.# # #.# #.# #.###.#
# #.# #@# #.....### #.# ##o##
##....... #.# ##ooo##
#####.##### #.### #.....#
#........# #.#.## #.......#
#.##..##.#
####....####.........##.#..)## #
.†.........+.........+.......# #
####....####.........##.#...##.#
####.#.### ##.......###..[.....#


You could see 2 orc priests, an orc wizard and an orc.

Vanquished Creatures
  Jessica (D:2)
  An orc wizard (D:3)
  Terence (D:2)
  An adder (D:2)
  2 dart slugs
  4 orcs (D:3)
  7 ball pythons
  8 endoplasms
  4 giant cockroaches
  6 goblins
  6 hobgoblins
  6 kobolds
  A quokka (D:1)
  4 bats
  6 frilled lizards
  9 rats
67 creatures vanquished.

Notes
Turn   | Place    | Note
-------+----------+-------------------------------------------
     0 | D:1      | IdlyInterested the Demonspawn Fighter began the quest for
                  | the Orb.
     0 | D:1      | Reached XP level 1. HP: 18/18 MP: 1/1
   237 | D:1      | Gained mutation: Spells you cast may paralyse adjacent
                  | enemies. [demonic ancestry]
   237 | D:1      | Reached XP level 2. HP: 18/24 MP: 2/2
   961 | D:2      | Found a faded altar of an unknown god.
   971 | D:2      | Noticed Terence
   994 | D:2      | Killed Terence
   995 | D:2      | Reached skill level 1 in Stealth
   995 | D:2      | Reached XP level 3. HP: 12/30 MP: 3/3
  1218 | D:2      | Noticed Jessica
  1227 | D:2      | Killed Jessica
  1228 | D:2      | Reached skill level 4 in Fighting
  1228 | D:2      | Gained mutation: Your demonic aura sometimes causes spilled
                  | blood to erupt in flames. [demonic ancestry]
  1228 | D:2      | Reached XP level 4. HP: 29/37 MP: 4/4
  1309 | D:2      | Reached skill level 1 in Dodging
  1330 | D:2      | Reached skill level 1 in Short Blades
  2455 | D:3      | Reached skill level 1 in Spellcasting
  2455 | D:3      | Gained mutation: Your touch may inflict minor irresistible
                  | damage on your foes. [demonic ancestry]
  2455 | D:3      | Reached XP level 5. HP: 35/42 MP: 6/6
  2758 | D:3      | Found a basalt altar of Yredelemnul.
  2762 | D:3      | Found a broken altar of Ashenzari.
  2763 | D:3      | Found an iron altar of Okawaru.
  2763 | D:3      | Found a shimmering altar of Xom.
  2806 | D:3      | Killed from afar by an orc priest

Illustrated notes

Levels and vault maps discovered:
D:1:      nagdon_arrival_zigzag_paths, layout_loops_ring, minmay_box_of_dots
D:2:      layout_basic, nicolae_ecumenical_pavilion, chequers_jeans,
          uniq_terence, uniq_jessica
D:3:      minmay_evil_eye, layout_loops_corners, mainiacjoe_overflow_alcove_3,
          st_stairs_9

Skill      XL: |  1  2  3  4 |
---------------+-------------+-----
Armour         | 3 |  3.0
Polearms       | 2 |  2.0
Stealth        | 1 2 |  2.2
Fighting       | 4 |  4.0
Dodging        | 1 |  1.0
Short Blades   | 1 |  1.2
Spellcasting   | 1 |  1.3
Shields        | |  2.6
Evocations     | |  0.5

Action                     |  1- 3 |  4- 6 || total
---------------------------+-------+-------++-------
  Melee: Trident           |    55 |       ||    55
         Dagger            |    31 |    88 ||   119
         Touch             |       |     4 ||     4
  Throw: Stone             |     4 |     1 ||     5
    Use: Scroll            |       |     6 ||     6
         Potion            |       |     1 ||     1
   Stab: Sleeping          |       |     1 ||     1
 Armour: Scale mail        |    16 |       ||    16
         Ring mail         |    18 |     2 ||    20
         Leather armour    |       |    15 ||    15
  Dodge: Dodged            |    32 |    28 ||    60
  Block: Buckler           |    17 |    12 ||    29

Table legend: (Time is in decaauts)
 A = Elapsed time spent in this place.
 B = Non-inter-level travel time spent in this place.
 C = Inter-level travel time spent in this place.
 D = Time resting spent in this place.
 E = Time spent auto-exploring this place.
 F = Levels seen in this place.
 G = Mean time per level.
                   A        B        C        D        E       F      G
               +--------+--------+--------+--------+--------+-----+--------+
         Total |   2819 |   2496 |    323 |    238 |   1494 |   3 |  939.7 |
       Dungeon |   2819 |   2496 |    323 |    238 |   1494 |   3 |  939.7 |
               +--------+--------+--------+--------+--------+-----+--------+

Top non-repeatable levels by time:
     D:1: 1054 daAuts
     D:2: 978 daAuts
     D:3: 786 daAuts
